 Dungeon Crawl Stone Soup version 0.25-a0-942-g87a53962fc (webtiles) character file.

Game seed: 17863472206849815524, levelgen mode: deterministic

23394 Flugslaktarn the Severer (level 12, -1/113 HPs)
             Began as a Minotaur Fighter on May 8, 2020.
             Was an Initiate of Gozag.
             Slain by a seven-headed hydra (2 damage)
             ... on level 2 of the Lair of Beasts.
             The game lasted 00:07:37 (14540 turns).

Flugslaktarn the Severer (Minotaur Fighter)        Turns: 14540, Time: 00:07:38

Health: -1/113     AC: 22    Str: 24    XL:     12   Next: 71%
Magic:  11/11      EV: 12    Int:  5    God:    Gozag
Gold:   1573       SH:  0    Dex: 14    Spells: 11/11 levels left

rFire    . . .     SeeInvis +   A - +6 executioner's axe (flame)
rCold    + . .     Gourm    .   (shield currently unavailable)
rNeg     . . .     Faith    .   u - +0 plate armour
rPois    .         Spirit   .   G - +0 mask of the Dragon {MR+ Slay+3 SInv}
rElec    .         Reflect  .   D - +2 cloak
rCorr    .         Harm     .   g - +0 pair of gloves
MR       +....                  m - +0 pair of boots
Stlth    ..........             (no amulet)
HPRegen  0.28/turn              l - +2 ring of strength
MPRegen  0.12/turn              c - ring of protection from cold

@: lethally poisoned (-1 -> -2), studying Fighting
A: retaliatory headbutt, horns 2
a: Potion Petition, Call Merchant, Bribe Branch, Renounce Religion


You were on level 2 of the Lair of Beasts.
You worshipped Gozag.
Gozag was most pleased with you.
You were not hungry.

You visited 3 branches of the dungeon, and saw 14 of its levels.

You collected 3026 gold pieces.
You spent 1400 gold pieces at shops.
You paid 53 gold pieces to Gozag.

Inventory:

Hand Weapons
 a - a +1 war axe
 j - a +3 battleaxe
   (You took it off a wight on level 4 of the Dungeon)
 A - a +6 executioner's axe of flaming (weapon)
   (You acquired it on level 11 of the Dungeon)
Missiles
 y - 3 throwing nets (quivered)
Armour
 g - a +0 pair of gloves (worn)
   (You found it on level 1 of the Dungeon)
 m - a +0 pair of boots (worn)
   (You found it on level 3 of the Dungeon)
 n - a +0 kite shield
 u - a +0 plate armour (worn)
   (You found it on level 3 of the Dungeon)
 D - a +2 cloak (worn)
   (You took it off Maurice on level 8 of the Dungeon)
 G - the +0 mask of the Dragon (worn) {MR+ Slay+3 SInv}
   (You acquired it on level 8 of the Dungeon)

   It affects your accuracy and damage with ranged weapons and melee attacks
   (+3).
   It affects your resistance to hostile enchantments.
   It lets you see invisible.
Jewellery
 c - a ring of protection from cold (right hand)
   (You found it on level 3 of the Dungeon)
 l - a +2 ring of strength (left hand)
   (You found it on level 5 of the Dungeon)
Wands
 b - a wand of paralysis (28)
   (You found it on level 5 of the Dungeon)
 v - a wand of digging (11)
   (You found it on level 1 of the Lair of Beasts)
 B - a wand of clouds (3)
   (You took it off an orc on level 9 of the Dungeon)
 M - a wand of iceblast (7)
   (You found it on level 2 of the Lair of Beasts)
Scrolls
 f - 3 scrolls of magic mapping
 p - 3 scrolls of amnesia
 r - a scroll of identify
 s - a scroll of vulnerability
 t - 7 scrolls of teleportation
 x - 8 scrolls of remove curse
 z - a scroll of blinking
 E - 5 scrolls of fear
 F - 4 scrolls of fog
 H - a scroll of immolation
 K - a scroll of enchant weapon
 L - a scroll of enchant armour {unknown}
Potions
 d - 4 potions of might
 h - a potion of haste
 i - 3 potions of flight
 k - 2 potions of berserk rage
 o - 4 potions of mutation
 q - 4 potions of curing
 w - 2 potions of heal wounds
 I - a potion of lignification {unknown}
 J - a potion of magic {unknown}
Books
 C - a manual of Fighting
   (You found it on level 11 of the Dungeon)
Comestibles
 e - 13 rations


   Skills:
 + Level 12.7 Fighting
 * Level 15.6 Axes
 + Level 11.9 Armour
 + Level 9.9 Dodging
 - Level 5.3 Shields


You had 11 spell levels left.
You didn't know any spells.
Your spell library was empty.

Dungeon Overview and Level Annotations

Branches:
Dungeon (11/15)            Temple (1/1) D:4            Lair (2/6) D:11
  Snake (0/4) Lair:2          Orc (0/2) D:11
  Swamp: Lair:2-4    Shoals: Lair:2-4

Altars:
Ashenzari
Cheibriados
Dithmenos
Elyvilon
Fedhas
Gozag
Hepliaklqana
Kikubaaqudgha
Makhleb
Nemelex Xobeh
Okawaru
Qazlal
Ru
Sif Muna
Trog
Uskayaw
Vehumet
Wu Jian
Xom
Yredelemnul
Zin
The Shining One

Shops:
D:4 :


Innate Abilities, Weirdness & Mutations

You reflexively headbutt those who attack you in melee.
You have a pair of horns on your head.


Message History

* * * LOW HITPOINT WARNING * * *
The eight-headed hydra bites you.
* * * LOW HITPOINT WARNING * * *
The eight-headed hydra bites you!
* * * LOW HITPOINT WARNING * * *
You are too injured to fight recklessly!
You are too injured to fight recklessly!
You are too injured to fight recklessly!
You lop one of the eight-headed hydra's heads off!
The flame cauterises the wound!
You slash the seven-headed hydra! You burn the seven-headed hydra.
You headbutt the seven-headed hydra!
The seven-headed hydra is heavily wounded.
The seven-headed hydra bites you but does no damage.
The seven-headed hydra bites you!
* * * LOW HITPOINT WARNING * * *
The seven-headed hydra bites you but does no damage. x3
The seven-headed hydra barely misses you.
The seven-headed hydra bites you.
You die...
Your body crumbles into a pile of gold.

#..............P..P. .....
#.###.P.<....####.## ....#
..# #.##.....###### ......
#.# ###P.....#.#..###.....:
#.# #P............$......
... ...............$......
.... .............$.$......
...........................
................@....$....#
##.###.#........D..........
.. ##......#..#.#........
##....###.##........# .....
... #......## #.. .......
#.. ..... ... ...


You could see a seven-headed hydra.

Vanquished Creatures
  Snorg (D:10)
  Harold (D:10)
  2 hydras (Lair:2)
  2 two-headed ogres
  The ghost of Amnesiac the Nimble, a journeyman DEWz of Vehumet (D:11)
  A wolf spider zombie (D:11)
  An ugly thing (D:11)
  Maurice (D:8)
  Joseph (D:7)
  2 centaur zombies (D:11)
  Psyche (D:10)
  7 spiny frogs
  Maggie (D:8)
  A kobold demonologist (D:11)
  A troll (D:10)
  Prince Ribbit (D:7)
  4 blink frogs (Lair:1)
  A centaur simulacrum (D:11)
  2 hippogriffs
  2 wraiths (D:11)
  A wyvern (D:10)
  4 basilisks
  16 yaks
  4 hungry ghosts
  3 nagas (Lair:2)
  An acid dragon (D:11)
  A two-headed ogre zombie (D:11)
  3 porcupines
  2 water moccasins (Lair:1)
  2 orc warriors (D:7)
  2 sky beasts
  A necrophage (D:9)
  2 ice beasts (D:11)
  A black bear (D:10)
  5 phantoms
  11 ogres
  9 wolves
  9 centaurs
  2 crocodiles (Lair:1)
  6 big kobolds
  9 bullfrogs
  A scorpion (D:4)
  2 troll zombies (D:11)
  6 killer bees (D:8)
  5 wights (D:4)
  2 electric eels (D:10)
  2 howler monkeys
  9 crimson imps
  3 hounds
  A bullfrog skeleton (D:7)
  2 bullfrog zombies
  6 orc priests
  4 gnoll shamans (D:7)
  Crazy Yiuf (D:6)
  2 centaur skeletons
  2 iguanas
  12 orc wizards
  5 worker ants
  A killer bee zombie (D:6)
  5 ogre zombies (D:11)
  2 bullfrog simulacra (D:11)
  A hound zombie (D:5)
  A hound skeleton (D:11)
  10 adders
  10 gnolls
  3 shadow imps
  2 oozes
  A worm (D:2)
  A dart slug (D:1)
  2 leopard geckos
  58 orcs
  A giant cockroach (D:6)
  6 goblins
  7 hobgoblins
  16 jackals
  5 quokkas
  A ball python skeleton (D:4)
  5 bats
  3 frilled lizards
  3 goblin zombies (D:11)
  2 hobgoblin skeletons (D:11)
  3 hobgoblin zombies (D:11)
  15 kobolds
  4 orc skeletons (D:11)
  13 orc zombies (D:11)
  2 quokka skeletons
  4 rats
  A fungus (Lair:1)
381 creatures vanquished.

Vanquished Creatures (others)
  9 fungi
  6 plants
15 creatures vanquished.

Grand Total: 396 creatures vanquished

Notes
Turn   | Place    | Note
-------+----------+-------------------------------------------
     0 | D:1      | Flugslaktarn the Minotaur Fighter began the quest for the
                  | Orb.
     0 | D:1      | Reached XP level 1. HP: 19/19 MP: 0/0
   225 | D:1      | Reached XP level 2. HP: 27/27 MP: 1/1
   310 | D:1      | Reached skill level 3 in Axes
   707 | D:1      | Reached XP level 3. HP: 33/33 MP: 2/2
  1087 | D:2      | Found a shimmering altar of Xom.
  1112 | D:2      | Reached XP level 4. HP: 35/40 MP: 3/3
  1357 | D:2      | Reached skill level 4 in Axes
  1964 | D:3      | Reached XP level 5. HP: 47/47 MP: 4/4
  2609 | D:4      | Reached skill level 5 in Axes
  2616 | D:4      | Reached XP level 6. HP: 38/55 MP: 5/5
  2822 | D:4      | Reached skill level 5 in Fighting
  2822 | D:4      | Reached skill level 5 in Armour
  2822 | D:4      | Reached skill level 5 in Shields
  2974 | D:4      | Reached skill level 6 in Axes
  2979 | D:4      | Reached XP level 7. HP: 35/61 MP: 6/6
  3233 | D:4      | Reached skill level 1 in Dodging
  3387 | D:4      | Found Kooghiez's Book Shop.
  3556 | D:4      | Found a staircase to the Ecumenical Temple.
  3709 | Temple   | Entered the Ecumenical Temple
  3775 | Temple   | Became a worshipper of Gozag Ym Sagoz the Greedy
  3840 | D:5      | Entered Level 5 of the Dungeon
  3912 | D:5      | Reached skill level 7 in Axes
  4185 | D:5      | Reached XP level 8. HP: 70/70 MP: 7/7
  4445 | D:5      | Found a sacrificial altar of Ru.
  4498 | D:6      | Found a runed translucent door.
  4499 | D:6      | Noticed Crazy Yiuf
  4533 | D:6      | Killed Crazy Yiuf
  4847 | D:6      | Reached skill level 8 in Axes
  5581 | D:7      | Reached skill level 9 in Axes
  5610 | D:7      | Noticed Prince Ribbit
  5617 | D:7      | Killed Prince Ribbit
  5617 | D:7      | Reached XP level 9. HP: 62/79 MP: 8/8
  5976 | D:7      | Noticed Joseph
  5988 | D:7      | Killed Joseph
  6296 | D:7      | Reached skill level 10 in Axes
  6319 | D:7      | Reached skill level 5 in Dodging
  7546 | D:8      | Reached skill level 11 in Axes
  7548 | D:8      | Reached XP level 10. HP: 89/90 MP: 9/9
  7665 | D:8      | Noticed a two-headed ogre
  7671 | D:8      | Noticed Maurice
  7674 | D:8      | Killed a two-headed ogre
  7947 | D:8      | Killed Maurice
  7981 | D:8      | Noticed Maggie
  7987 | D:8      | Killed Maggie
  8006 | D:8      | Found Rinih's Magic Scroll Shop.
  8015 | D:8      | Bought a scroll of remove curse for 48 gold pieces
  8015 | D:8      | Bought a scroll of amnesia for 56 gold pieces
  8015 | D:8      | Bought a scroll of teleportation for 48 gold pieces
  8015 | D:8      | Bought a scroll of remove curse for 48 gold pieces
  8015 | D:8      | Bought a scroll of noise for 16 gold pieces
  8015 | D:8      | Bought 3 scrolls of fear for 168 gold pieces
  8015 | D:8      | Bought a scroll of fog for 32 gold pieces
  8015 | D:8      | Bought a scroll of remove curse for 48 gold pieces
  8015 | D:8      | Bought a scroll of remove curse for 48 gold pieces
  8015 | D:8      | Bought a scroll of fear for 56 gold pieces
  8588 | D:8      | Reached skill level 12 in Axes
  8742 | D:9      | Found a shadowy altar of Dithmenos.
  8754 | D:9      | Found an ancient bone altar of Kikubaaqudgha.
  9158 | D:10     | Entered Level 10 of the Dungeon
  9197 | D:10     | Noticed Snorg
  9560 | D:10     | Noticed Psyche
  9560 | D:10     | Noticed a two-headed ogre
  9571 | D:10     | Killed Psyche
  9574 | D:10     | Killed a two-headed ogre
  9574 | D:10     | Reached XP level 11. HP: 91/99 MP: 10/10
  9662 | D:10     | Reached skill level 10 in Fighting
  9662 | D:10     | Reached skill level 10 in Armour
  9946 | D:10     | Noticed Harold
  9966 | D:10     | Killed Harold
  9966 | D:10     | Reached skill level 13 in Axes
 10137 | D:10     | Killed Snorg
 11221 | D:11     | Found a staircase to the Orcish Mines.
 11377 | D:11     | Noticed a red ugly thing
 11386 | D:11     | Killed a red ugly thing
 11395 | D:11     | Identified a scroll of acquirement
 12001 | D:11     | Found a stormy altar of Qazlal.
 12167 | D:11     | Found a staircase to the Lair.
 12253 | D:11     | Reached skill level 14 in Axes
 12320 | D:11     | Found a runed translucent gate.
 12320 | D:11     | Found a runed translucent gate.
 12320 | D:11     | Found a runed translucent gate.
 12321 | D:11     | Noticed Amnesiac's ghost (journeyman DEWz)
 12533 | D:11     | Killed Amnesiac's ghost
 12655 | D:8      | Bought a scroll of acquirement for 832 gold pieces
 12656 | D:8      | Found the +0 mask of the Dragon {MR+ Slay+3 SInv}
 12740 | Lair:1   | Entered Level 1 of the Lair of Beasts
 12776 | Lair:1   | Reached XP level 12. HP: 108/110 MP: 11/11
 13394 | Lair:1   | Reached skill level 15 in Axes
 13898 | Lair:2   | Noticed an eight-headed hydra
 13905 | Lair:2   | Killed a five-headed hydra
 13927 | Lair:2   | Noticed a four-headed hydra
 13933 | Lair:2   | Killed a two-headed hydra
 14379 | Lair:2   | Found a staircase to the Snake Pit.
 14534 | Lair:2   | Noticed an eight-headed hydra
 14540 | Lair:2   | HP: 1/113 [seven-headed hydra (11)]
 14540 | Lair:2   | Slain by a seven-headed hydra

Levels and vault maps discovered:
D:1:      minmay_arrival_nine_rooms, layout_basic
D:2:      layout_basic, lemuel_crystal_altar
D:3:      layout_rooms, minmay_misc_feat_nine_boxes
D:4:      layout_basic, temple_hall, serial_shops, kennysheep_mini_moat,
          first_ration, minmay_circle_x
D:5:      layout_loops_ring, nicolae_ru_path_of_blood, hex_large
D:6:      layout_gridville, st_stairs_5, corexii_item_surrounded_by_moat,
          kennysheep_generic_room_8, uniq_crazy_yiuf_cottage
D:7:      kennysheep_seaside_town, layout_basic, uniq_prince_ribbit1,
          uniq_joseph
D:8:      layout_rooms, serial_shops, shop, blue_anna_alchemist
          [blue_anna_fruit_fields, blue_anna_fruit_fields], uniq_maurice,
          uniq_maggie
D:9:      layout_basic, grunt_temple_overflow_open
D:10:     statuecave_lemuel, layout_stronghold, uniq_psyche, uniq_harold,
          uniq_snorg
D:11:     layout_loops_corners, lair_entry_dummy, zombieorc2_lemuel,
          gammafunk_ghost_necromancy, basic_altar
Temple:   compressed_dpeg_circular_temple
Lair:1:   wander_river, layout_long_grid, enter_volcano_4,
          infiniplex_staircase_pool_2
Lair:2:   layout_regular_city, guppyfry_snake_entry_island,
          nicolae_lair_grove_arrangements

Skill      XL: |  1  2  3  4  5  6  7  8  9 10 11 12 |
---------------+-------------------------------------+-----
Axes           | 3 4 5 6 7 9 11 12 14 15 | 15.6
Fighting       | 4 5 6 7 8 9 11 12 | 12.7
Shields        | 4 5 |  5.3
Armour         | 4 5 6 7 8 9 11 | 11.9
Dodging        | 2 4 5 7 8 9 |  9.9

Action                   |  1- 3 |  4- 6 |  7- 9 | 10-12 || total
-------------------------+-------+-------+-------+-------++-------
Melee: War axe           |    69 |   157 |       |       ||   226
       Headbutt          |    13 |    23 |    43 |    88 ||   167
       Battleaxe         |       |       |   214 |   316 ||   530
       Executioner's axe |       |       |       |   151 ||   151
Evoke: Wand              |       |       |       |     4 ||     4
  Use: Scroll            |       |    13 |       |    14 ||    27
 Stab: Distracted        |       |       |       |     6 ||     6
  Eat: Chunk             |     1 |     5 |       |       ||     6
       Ration            |       |     1 |     4 |     9 ||    14
Armor: Scale mail        |    47 |    19 |       |       ||    66
       Chain mail        |       |    16 |       |       ||    16
       Plate armour      |       |    32 |   136 |   284 ||   452
Dodge: Dodged            |    23 |    22 |   102 |   247 ||   394
Block: Kite shield       |    38 |    94 |       |       ||   132

Table legend:
 A = Non-vault XP
 B = Vault XP
 C = Vault XP percentage of total XP
 D = Non-vault monster count
 E = Vault monster count
 F = Vault count percentage of total count
                 A         B        C        D         E       F
            +---------+---------+-------+---------+---------+-------
      Total |   23524 |    9897 |  29.6 |     296 |      84 |  22.1
            +---------+---------+-------+---------+---------+-------
        D:1 |      42 |       0 |   0.0 |      24 |       0 |   0.0
        D:2 |      82 |       0 |   0.0 |      21 |       0 |   0.0
        D:3 |     196 |       0 |   0.0 |      29 |       0 |   0.0
        D:4 |     665 |     119 |  15.2 |      18 |       4 |  18.2
        D:5 |     396 |       0 |   0.0 |      11 |       0 |   0.0
        D:6 |     634 |      54 |   7.8 |      15 |       3 |  16.7
        D:7 |     807 |    2126 |  72.5 |      16 |      25 |  61.0
        D:8 |    2390 |     994 |  29.4 |      27 |       3 |  10.0
        D:9 |    1104 |       0 |   0.0 |      32 |       0 |   0.0
       D:10 |    3329 |    2656 |  44.4 |      27 |       3 |  10.0
       D:11 |    2560 |    3463 |  57.5 |      27 |      43 |  61.4
     Lair:1 |    6316 |       0 |   0.0 |      32 |       0 |   0.0
     Lair:2 |    5003 |     485 |   8.8 |      17 |       3 |  15.0
            +---------+---------+-------+---------+---------+-------
